 Dungeon Crawl Stone Soup version 0.29.1-12-g30fa7ad0bf (webtiles) character file.

Game seed: 3301425841390659478

177 Peloso the Slasher (level 5, -2/46 HPs)
             Began as a Minotaur Fighter on Dec 26, 2022.
             Succumbed to an orc's poison
             ... on level 4 of the Dungeon.
             The game lasted 00:04:08 (3314 turns).

Peloso the Slasher (Minotaur Fighter)               Turns: 3314, Time: 00:04:08

Health: -2/46      AC:  9    Str: 21    XL:     5   Next: 31%
Magic:  4/4        EV:  7    Int:  5    God:
Gold:   141        SH:  4    Dex: 11    Spells: 4/4 levels left

rFire   . . .      SeeInvis .   a - +0 long sword
rCold   . . .      Faith    .   d - +0 buckler
rNeg    . . .      Spirit   .   c - +0 chain mail
rPois   .          Reflect  .   (helmet restricted)
rElec   .          Harm     .   (no cloak)
rCorr   .          Rampage  .   (no gloves)
Will    .....                   (no boots)
Stlth   ..........              (no amulet)
HPRegen 0.15/turn               (no ring)
MPRegen 0.09/turn               (no ring)

@: lethally poisoned (-2 -> -12)
A: horns 2, retaliatory headbutt
a: no special abilities


You were on level 4 of the Dungeon.
You visited 1 branch of the dungeon, and saw 4 of its levels.

You collected 141 gold pieces.

Inventory:

Hand Weapons
 a - a +0 long sword (weapon)
Armour
 b - a +0 scale mail
 c - a +0 chain mail (worn)
 d - a +0 buckler (worn)
Jewellery
 e - a ring of wizardry
Scrolls
 l - a scroll of vulnerability {unknown}
 m - a scroll of butterflies {unknown}
 n - a scroll of enchant armour {unknown}
Potions
 f - a potion of berserk rage
 h - a potion of brilliance
 i - a potion of might
 k - 4 potions of curing
 o - 2 potions of cancellation


   Skills:
 + Level 4.2 Fighting
 + Level 4.9 Long Blades
 + Level 4.6 Armour
 + Level 0.8 Dodging
 + Level 0.4 Stealth
 + Level 4.2 Shields


You had 4 spell levels left.
You didn't know any spells.
Your spell library was empty.

Dungeon Overview and Level Annotations

Branches:
Dungeon (4/15)
 Temple: D:4-7

Altars:
Trog

Shops:
D:2 *


Innate Abilities, Weirdness & Mutations

You have a pair of horns on your head.
You reflexively headbutt those who attack you in melee.


Message History

An orc is nearby!
You hit the orc.
The orc is severely wounded.
The orc hits you but does no damage.
You are poisoned.
You hit the orc but do no damage. You headbutt the orc.
The orc is almost dead.
You feel very sick. The orc hits you but does no damage.
You are more poisoned.
You closely miss the orc.
The orc is almost dead.
You feel very sick. The orc hits you but does no damage.
You are more poisoned.
You barely miss the orc.
The orc is almost dead.
You feel very sick. The orc hits you but does no damage.
You hit the orc but do no damage.
The orc is almost dead.
You feel very sick.
The orc hits you with a +1 war axe of venom!
You are lethally poisoned!
The orc barely misses you.
You hit the orc but do no damage.
The orc is almost dead.
You feel very sick. The orc hits you but does no damage.
You barely miss the orc. Your headbutt misses the orc.
The orc is almost dead.
* * * LOW HITPOINT WARNING * * *
You feel very sick.
The orc hits you with a +1 war axe of venom!
* * * LOW HITPOINT WARNING * * *
You hit the orc.
You kill the orc!
* * * LOW HITPOINT WARNING * * *
You feel very sick.
You die...

#### #..#
#..# ###..#
#....########
#...<@.......
###..########
####


There were no monsters in sight!

Vanquished Creatures
  2 orc priests (D:3)
  4 adders
  2 worms (D:3)
  4 dart slugs
  5 orcs
  3 bats
  7 endoplasms
  6 goblins
  2 hobgoblins
  4 jackals (D:2)
  7 kobolds
  3 quokkas
  4 ball pythons
  6 frilled lizards
  5 rats
64 creatures vanquished.

Notes
Turn   | Place    | Note
-------+----------+-------------------------------------------
     0 | D:1      | Peloso the Minotaur Fighter began the quest for the Orb.
     0 | D:1      | Reached XP level 1. HP: 19/19 MP: 0/0
   241 | D:1      | Reached XP level 2. HP: 27/27 MP: 1/1
   391 | D:1      | Found a faded altar of an unknown god.
  1110 | D:2      | Reached XP level 3. HP: 31/33 MP: 2/2
  1159 | D:2      | Found Yturul's Assorted Antiques.
  2091 | D:3      | Reached XP level 4. HP: 39/40 MP: 3/3
  2210 | D:3      | Found a bloodstained altar of Trog.
  2286 | D:3      | Reached XP level 5. HP: 9/46 MP: 4/4
  3313 | D:4      | HP: 1/46 [poisoned by an orc]
  3314 | D:4      | Succumbed to an orc's poison

Illustrated notes

Levels and vault maps discovered:
D:1:      minmay_arrival_doors, layout_loops_corners,
          shapermc_ecumenical_altar_totnotflames, serial_bayou_pond_a,
          kennysheep_doodads
D:2:      layout_basic, serial_shops, nicolae_shop_waterfront,
          amcnicky_mini_corridor_feature
D:3:      layout_loops_corners, amcnicky_altar_gilded,
          chequers_serial_rivers_room_a, minmay_between
D:4:      layout_basic, mainiacjoe_overflow_alcove_1,
          mainiacjoe_overflow_tiny_flanked,
          nicolae_overflow_hallway_of_the_gods, serial_shops,
          nicolae_inconvenience_store, minmay_vboxes

Skill      XL: |  1  2  3  4 |
---------------+-------------+-----
Armour         | 4 |  4.6
Fighting       | 4 |  4.2
Shields        | 4 |  4.2
Long Blades    | 3 4 |  4.9
Dodging        | |  0.8
Stealth        | |  0.4

Action                   |  1- 3 |  4- 6 || total
-------------------------+-------+-------++-------
Melee: Long sword        |    88 |    59 ||   147
       Headbutt          |    14 |     8 ||    22
  Use: Scroll            |     5 |     3 ||     8
Armor: Scale mail        |    49 |       ||    49
       Chain mail        |     5 |    25 ||    30
Dodge: Dodged            |    45 |    14 ||    59
Block: Buckler           |    23 |    11 ||    34
